 Dungeon Crawl Stone Soup version 0.29-a0-334-gb41bcbb86e (webtiles) character file.

Game seed: 16751358220887085268

84 BritishOli the Skirmisher (level 4, -3/54 HPs)
             Began as a Demonspawn Monk on Apr 14, 2022.
             Killed from afar by Natasha (6 damage)
             ... with a magic dart
             ... on level 2 of the Dungeon.
             The game lasted 00:02:57 (1767 turns).

BritishOli the Skirmisher (Demonspawn Monk)         Turns: 1767, Time: 00:02:58

Health: -3/54      AC: 22    Str: 13    XL:     4   Next: 24%
Magic:  4/4        EV:  2    Int: 11    God:
Gold:   84         SH:  0    Dex: 28    Spells: 3/3 levels left

rFire   . . .      SeeInvis .   a - +0 falchion
rCold   . . .      Faith    .   (no shield)
rNeg    . . .      Spirit   .   (body armour currently unavailable)
rPois   +          Reflect  .   (helmet currently unavailable)
rElec   .          Harm     .   (cloak currently unavailable)
rCorr   .          Rampage  .   (gloves currently unavailable)
Will    .....      NoTele   +   (boots currently unavailable)
Stlth   +++.......              (no amulet)
HPRegen 0.18/turn               f - +6 ring of dexterity
MPRegen 0.09/turn               d - +6 ring of dexterity

@: tree-form
A: stationary, stasis, torment immunity, boosted hp, foul stench 1, (sharp
scales 1)
a: no special abilities


You were on level 2 of the Dungeon.
You were a tree.
You visited 1 branch of the dungeon, and saw 2 of its levels.

You collected 84 gold pieces.

Inventory:

Hand Weapons
 a - a +0 falchion (weapon)
Armour
 h - a +0 pair of boots (melded)
 l - a +0 scale mail (melded)
 q - a +0 cloak (melded)
Jewellery
 d - a +6 ring of dexterity (right branch)
 f - a +6 ring of dexterity (left branch)
 g - a +6 ring of dexterity
 k - a ring of flight
Scrolls
 e - a scroll of fear {unknown}
 i - 3 scrolls of identify {unknown}
 j - a scroll of summoning {unknown}
 m - a scroll of immolation {unknown}
 n - a scroll of enchant armour {unknown}
Potions
 c - a potion of ambrosia


   Skills:
 + Level 3.6 Fighting
 + Level 3.3 Long Blades
 + Level 1.2 Armour
 + Level 3.3 Dodging
 - Level 2.0 Stealth


You had 3 spell levels left.
You didn't know any spells.
Your spell library was empty.

Dungeon Overview and Level Annotations

Branches:
Dungeon (2/15)

Altars:

Annotations:
D:2 Natasha


Innate Abilities, Weirdness & Mutations

You are a tree.
Your roots penetrate the ground, keeping you stationary.
You cannot be teleported.
You are immune to unholy pain and torment.
Your maximum health is greatly increased.
Your equipment is partially melded.
You may rarely emit foul miasma when damaged in melee.
((You are partially covered in razor-sharp scales. (AC +1, Slay +1)))


Message History

Found 9 gold pieces and 23 stones.
Found a book of Conjurations.
Natasha mumbles some strange words.
There is an open door here.
Natasha stares at you and mumbles some strange words.
The magic dart hits you.
The white imp hits you but does no damage.
There are monsters nearby!
You hit Natasha.
Natasha is moderately wounded.
Natasha barely misses you. The white imp gestures at you.
The puff of frost hits you!
You closely miss Natasha.
Natasha is moderately wounded.
Natasha claws you but does no damage. The white imp gestures at you.
The puff of frost hits you.
You slash Natasha!
Natasha is severely wounded.
Natasha claws you! The white imp gestures at you. The puff of frost hits you!
* * * LOW HITPOINT WARNING * * *
You are too injured to fight recklessly!
Natasha attacks as you move away! Natasha closely misses you.
Natasha barely misses you.
There is an open door here.
The white imp gestures at you. The puff of frost hits you.
* * * LOW HITPOINT WARNING * * *
It was a potion of lignification.
You turn into a tree.
Your +0 cloak melds into your body.
Your +0 pair of boots melds into your body.
Your +0 scale mail melds into your body.
Your roots penetrate the ground.
Natasha claws you but does no damage.
It was a potion of flight.
Your roots keep you in place.
Natasha casts a spell at you. The magic dart hits you.
You die...

################
####..............############
........######...............#
####.##.# #....##########.#
##.##.# #.....# #.# #..##.#
#....## #.# ###.###.# #...## #.#
........# ###.# #.# ###.##### #♣#
###.#### #.# ##h## #....... #.#
#.5.# #.#.###. ##.#### #.....#
#.#.###< #.....## #.......#
##.#...#.
##..#...####.....$...####......#.
...........+......(..+.......###.
##..#...####.........####........
#...#.## ##......:## ##.#.###.


You could see Natasha and a white imp (summoned).

Vanquished Creatures
  3 adders (D:2)
  2 endoplasms
  2 giant cockroaches (D:1)
  6 goblins
  5 hobgoblins
  7 jackals (D:2)
  5 kobolds
  3 quokkas
  4 ball pythons
  5 bats
  5 frilled lizards
  2 rats
49 creatures vanquished.

Vanquished Creatures (others)
  3 fungi (D:2)
  3 plants (D:2)
6 creatures vanquished.

Grand Total: 55 creatures vanquished

Notes
Turn   | Place    | Note
-------+----------+-------------------------------------------
     0 | D:1      | BritishOli the Demonspawn Monk began the quest for the Orb.
     0 | D:1      | Reached XP level 1. HP: 18/18 MP: 1/1
   166 | D:1      | Gained mutation: You may rarely emit foul miasma when
                  | damaged in melee. [demonic ancestry]
   166 | D:1      | Reached XP level 2. HP: 21/24 MP: 2/2
   888 | D:2      | Gained mutation: You are partially covered in razor-sharp
                  | scales. (AC +1, Slay +1) [demonic ancestry]
   888 | D:2      | Reached XP level 3. HP: 29/29 MP: 3/3
  1207 | D:2      | Reached skill level 1 in Armour
  1316 | D:2      | Reached XP level 4. HP: 27/35 MP: 4/4
  1481 | D:2      | Found a faded altar of an unknown god.
  1758 | D:2      | Noticed Natasha
  1767 | D:2      | Killed from afar by Natasha

Illustrated notes

Levels and vault maps discovered:
D:1:      dpeg_arrival_renting, layout_loops_ring
D:2:      layout_loops_corners, serial_rivers, chequers_serial_rivers_small_3,
          chequers_serial_rivers_small_3, chequers_serial_rivers_micro_d,
          chequers_serial_rivers_micro_e, shapermc_ecumenical_altar_acropolis,
          uniq_natasha

Skill      XL: |  1  2  3 |
---------------+----------+-----
Stealth        | 2 |  2.0
Long Blades    | 3 |  3.3
Dodging        | 3 |  3.3
Armour         | 1 |  1.2
Fighting       | |  3.6

Action                   |  1- 3 |  4- 6 || total
-------------------------+-------+-------++-------
Melee: Falchion          |    89 |    20 ||   109
  Use: Potion            |       |     2 ||     2
 Stab: Distracted        |     3 |       ||     3
       Sleeping          |     8 |     1 ||     9
Armor: Robe              |    13 |       ||    13
       Scale mail        |    20 |    10 ||    30
       Skin              |       |     1 ||     1
Dodge: Dodged            |    50 |    15 ||    65

Table legend: (Time is in decaauts)
 A = Elapsed time spent in this place.
 B = Non-inter-level travel time spent in this place.
 C = Inter-level travel time spent in this place.
 D = Time resting spent in this place.
 E = Time spent auto-exploring this place.
 F = Levels seen in this place.
 G = Mean time per level.
                   A        B        C        D        E       F      G
               +--------+--------+--------+--------+--------+-----+--------+
         Total |   1785 |   1756 |     29 |      0 |   1431 |   2 |  892.5 |
       Dungeon |   1785 |   1756 |     29 |      0 |   1431 |   2 |  892.5 |
               +--------+--------+--------+--------+--------+-----+--------+

Top non-repeatable levels by time:
     D:2: 941 daAuts
     D:1: 844 daAuts
